 Dungeon Crawl Stone Soup version 0.24-a0-640-ge7cd8ce796 (webtiles) character file.

Game seed: 2019863744473314356, levelgen mode: deterministic

226 AntidotE the Shield-Bearer (level 6, 0/52 HPs)
             Began as a Hill Orc Fighter on Sept 24, 2019.
             Slain by a scorpion (7 damage)
             ... while paralysed by Grinder
             ... on level 4 of the Dungeon.
             The game lasted 00:17:15 (3348 turns).

AntidotE the Shield-Bearer (Hill Orc Fighter)       Turns: 3348, Time: 00:17:15

Health: 0/52       AC:  9    Str: 24    XL:     6   Next: 1%
Magic:  6/6        EV:  2    Int:  8    God:
Gold:   253        SH:  0    Dex: 12    Spells: 5/5 levels left

rFire    . . .     SeeInvis .   a - +0 long sword
rCold    . . .     Gourm    .   c - +0 shield
rNeg     . . .     Faith    .   b - +0 scale mail
rPois    .         Spirit   .   x - +0 helmet
rElec    .         Reflect  .   w - +0 cloak
rCorr    .         Harm     .   (no gloves)
MR       .....                  (no boots)
Stlth    ..........             (no amulet)
HPRegen  0.17/turn              (no ring)
MPRegen  0.10/turn              (no ring)

@: paralysed, mighty, lethally poisoned (0 -> -8)
A: no striking features
a: no special abilities


You were on level 4 of the Dungeon.
You were not hungry.

You visited 1 branch of the dungeon, and saw 4 of its levels.

You collected 253 gold pieces.

Inventory:

Hand Weapons
 a - a +0 long sword (weapon)
 k - a +0 dagger of venom
 s - a +3 short sword
 v - a +0 scimitar
Missiles
 t - 2 throwing nets (quivered)
Armour
 b - a +0 scale mail (worn)
 c - a +0 shield (worn)
 u - a +1 leather armour of poison resistance
 w - a +0 cloak (worn)
 x - a +0 helmet (worn)
Jewellery
 q - an uncursed ring of protection from cold {unknown}
Scrolls
 g - 8 scrolls of identify {unknown}
 i - 3 scrolls of teleportation {unknown}
 l - 2 scrolls of enchant weapon {unknown}
 m - 2 scrolls of blinking {unknown}
 r - a scroll of magic mapping {unknown}
Potions
 d - 2 potions of might
 e - a potion of brilliance {unknown}
 h - 2 potions of lignification {unknown}
 j - a potion of flight {unknown}
 n - 2 potions of curing {unknown}
 o - a potion of magic {unknown}
 p - 3 potions of heal wounds {unknown}
Comestibles
 f - 5 rations


   Skills:
 + Level 4.1 Fighting
 + Level 3.8 Long Blades
 + Level 4.0 Armour
 + Level 0.8 Dodging
 * Level 5.3 Shields


You had 5 spell levels left.
You didn't know any spells.
Your spell library was empty.

Dungeon Overview and Level Annotations

Branches:
Dungeon (4/15)
 Temple: D:4-7

Altars:

Annotations:
D:4 Grinder


Message History

You are lethally poisoned!
The scorpion poisons you! You block Grinder's attack.
* * * LOW HITPOINT WARNING * * *
You feel sick.
Grinder blinks!
You block the scorpion's attack.
* * * LOW HITPOINT WARNING * * *
You feel sick.
The phantom hits you but does no damage.
* * * LOW HITPOINT WARNING * * *
You feel sick.
* * * LOW HITPOINT WARNING * * *
You feel sick.
* * * LOW HITPOINT WARNING * * *
You feel sick. You block the phantom's attack. Grinder gestures at you.
You suddenly lose the ability to move!
* * * LOW HITPOINT WARNING * * *
You feel sick.
The phantom hits you but does no damage.
The scorpion stings you!
You die...

#####..## ##......#.
#.......#W
###########...###.#s
#............##.###+
#..........#.#Z).+h#
#..........#.##[###l
#..sW.........#####Z
#..@..5..........#5%
#..........#.....'.)
#..........####..##)
#..........# ..##
#...>......# #...
############ ##..
##. . .


You could see Grinder, a phantom and a scorpion.

Vanquished Creatures
  A jelly (D:3)
  An orc wizard (D:3)
  Robin (D:3)
  3 adders
  9 oozes
  7 orcs (D:3)
  18 goblins
  5 hobgoblins
  8 jackals
  13 kobolds
  A quokka (D:2)
  3 bats
  3 frilled lizards
  7 rats
  4 fungi (D:3)
84 creatures vanquished.

Vanquished Creatures (others)
  4 fungi (D:3)
  9 toadstools (D:3)
13 creatures vanquished.

Grand Total: 97 creatures vanquished

Notes
Turn   | Place    | Note
-------+----------+-------------------------------------------
     0 | D:1      | AntidotE the Hill Orc Fighter began the quest for the Orb.
     0 | D:1      | Reached XP level 1. HP: 19/19 MP: 1/1
    91 | D:1      | Reached XP level 2. HP: 18/27 MP: 2/2
   822 | D:2      | Reached XP level 3. HP: 33/33 MP: 3/3
  1060 | D:2      | Reached skill level 4 in Shields
  1982 | D:3      | Reached XP level 4. HP: 40/40 MP: 4/4
  2247 | D:3      | Reached XP level 5. HP: 45/46 MP: 5/5
  2584 | D:3      | Reached skill level 5 in Shields
  2863 | D:3      | Noticed Robin
  2917 | D:3      | Killed Robin
  2917 | D:3      | Reached XP level 6. HP: 48/52 MP: 6/6
  3278 | D:4      | Noticed a phantom
  3287 | D:4      | Noticed Grinder
  3315 | D:4      | Noticed a phantom
  3347 | D:4      | Paralysed by Grinder for 6 turns
  3348 | D:4      | Slain by a scorpion

Levels and vault maps discovered:
D:1:      minmay_arrival_four_houses, layout_basic
D:2:      layout_basic, ebering_dispersal_statue_hall
D:3:      cheibrodos_fertilizer, layout_basic, first_ration, uniq_robin
D:4:      layout_rooms, minmay_joined_circles, uniq_grinder

Skill      XL: |  1  2  3  4  5 |
---------------+----------------+-----
Shields        | 4 5 |  5.3
Fighting       | 4 |  4.1
Long Blades    | 3 |  3.8
Armour         | 4 |  4.0
Dodging        | |  0.8

Action                   |  1- 3 |  4- 6 || total
-------------------------+-------+-------++-------
Melee: Long sword        |   141 |   197 ||   338
  Use: Scroll            |       |     1 ||     1
       Potion            |       |     1 ||     1
  Eat: Ration            |     2 |     1 ||     3
Armor: Scale mail        |   110 |    72 ||   182
Dodge: Dodged            |    93 |    43 ||   136
Block: Shield            |   119 |   107 ||   226
       Rpst.: Long sword |    25 |    12 ||    37

Table legend:
 A = Non-vault XP
 B = Vault XP
 C = Vault XP percentage of total XP
 D = Non-vault monster count
 E = Vault monster count
 F = Vault count percentage of total count
                 A         B        C        D         E       F
            +---------+---------+-------+---------+---------+-------
      Total |     180 |     143 |  44.3 |      54 |      26 |  32.5
            +---------+---------+-------+---------+---------+-------
        D:1 |      32 |       0 |   0.0 |      20 |       0 |   0.0
        D:2 |      38 |       0 |   0.0 |      12 |       0 |   0.0
        D:3 |     110 |     143 |  56.5 |      22 |      26 |  54.2
            +---------+---------+-------+---------+---------+-------
